 Dungeon Crawl Stone Soup version 0.22-a0-596-gfbd32a6 (webtiles) character file.

155 Lianjan the Ducker (level 5, -3/31 HPs)
             Began as an Octopode Wanderer on July 5, 2018.
             Slain by an orc wizard
             ... wielding a +0 dagger
              (5 damage)
             ... on level 2 of the Dungeon.
             The game lasted 00:06:00 (2688 turns).

Lianjan the Ducker (Octopode Wanderer)              Turns: 2688, Time: 00:06:01

Health: -3/31      AC:  1    Str: 13    XL:     5   Next: 37%
Magic:  7/7        EV: 14    Int: 13    God:
Gold:   197        SH:  0    Dex: 12    Spells: 2/7 levels left

rFire    . . .     SeeInvis .   o - +0 whip
rCold    . . .     Gourm    .   (no shield)
rNeg     . . .     Faith    .   (helmet restricted)
rPois    .         Spirit   .   (no amulet)
rElec    .         Reflect  .   (no ring)
rCorr    .         Harm     .   (no ring)
MR       .....                  (no ring)
Stlth    ++........             (no ring)
HPRegen  0.10/turn              (no ring)
MPRegen  0.10/turn              (no ring)
                                (no ring)
                                (no ring)

@: drained
A: almost no armour, stealthy swim, amphibious, 8 rings, constrict 8, camouflage
1, gelatinous body 1
a: no special abilities


You were on level 2 of the Dungeon.
You were not hungry.

You visited 1 branch of the dungeon, and saw 3 of its levels.

You collected 197 gold pieces.

Inventory:

Hand Weapons
 b - a +0 shortbow
 d - a +2 blowgun
 o - a +0 whip (weapon)
Missiles
 a - 4 curare-tipped needles
 e - 42 arrows
 t - 49 stones (quivered)
Armour
 c - a +0 shield
Jewellery
 n - an uncursed amulet of harm {unknown}
Scrolls
 g - a scroll of teleportation {unknown}
 h - 5 scrolls of identify {unknown}
 m - a scroll of fear {unknown}
 r - a scroll of magic mapping {unknown}
 s - 2 scrolls of enchant weapon {unknown}
 u - a scroll of noise {unknown}
Potions
 i - 2 potions of curing {unknown}
 j - a potion of degeneration {unknown}
 k - a potion of agility
 l - a potion of lignification {unknown}
 q - a potion of brilliance {unknown}
Comestibles
 f - 3 rations
 p - 4 chunks of flesh


   Skills:
 - Level 3.2(3.1) Bows
 - Level 1.0(0.9) Throwing
 + Level 4.1(4.0) Dodging
 + Level 1.7(1.6) Spellcasting
 + Level 1.2(1.1) Conjurations
   Level 1.0(0.9) Necromancy
   Level 3.0(2.9) Transmutations
   Level 1.1(1.0) Evocations


You had 2 spell levels left.
You knew the following spells:

 Your Spells              Type           Power        Failure   Level  Hunger
a - Magic Dart            Conj           #...         17%         1    ##.....
b - Blink                 Tloc           N/A          36%         2    ###....
c - Call Imp              Summ           #.......     36%         2    ###....

Your spell library contained the following spells:

 Spells                   Type           Power        Failure   Level  Hunger
 Conjure Flame            Conj/Fire      #.......     54%         3    ####...
 Slow                     Hex            #.......     36%         2    ###....
 Mephitic Cloud           Conj/Pois/Air  #.......     56%         3    ####...
 Flame Tongue             Conj/Fire      #....        22%         1    ##.....
 Inner Flame              Hex/Fire       #.......     61%         3    ####...


Dungeon Overview and Level Annotations

Branches:
Dungeon (3/15)

Altars:
Fedhas


Innate Abilities, Weirdness & Mutations

You cannot wear most types of armour.
You are very stealthy in the water. (Stealth+)
You are amphibious.
You can wear up to eight rings at the same time.
You can use your tentacles to constrict eight enemies at once.
Your skin changes colour to match your surroundings (Stealth+).
Your rubbery body absorbs attacks. (AC +1, EV +1)


Message History

There is a stone staircase leading up, spattered with blood here.
Something hits you.
You climb upwards.
There is a stone staircase leading down here.
You barely miss the worm. You grab the worm. You constrict the worm.
The worm completely misses you. Something hits you.
You hit the worm. You squeeze the worm!
The worm is severely wounded.
You constrict the worm. Something hits you.
* * * LOW HITPOINT WARNING * * *
The worm bites you.
* * * LOW HITPOINT WARNING * * *
You hit the worm.
You kill the worm!
Something hits you.
* * * LOW HITPOINT WARNING * * *
You barely miss something. Something hits you.
* * * LOW HITPOINT WARNING * * *
You hit something. Something hits you.
You die...

#..#..########.# #...#
#..#......#..#.# #.#.#
#.>..........#.###>#.#
..#.#....#.....#...#.#
......##...#.<##.###.#
.....##..........# #.#
....#...##..####.# #.#
......####.#####.# #.#
.###............@# #.#
.##.....#..####### #.#
.....##.[.## #.#
....[##..#### #.#
...#........# #.#
...##.......# ####.##
...#........#
##.....##
............#
##.......##
...##.......#
#......<..#


There were no monsters in sight!

Vanquished Creatures
  Crazy Yiuf (D:2)
  A worker ant (D:2)
  4 adders (D:2)
  An ooze (D:1)
  5 worms (D:2)
  2 dart slugs (D:1)
  A leopard gecko (D:1)
  3 orcs (D:3)
  4 bats
  2 giant cockroaches
  4 goblins
  3 hobgoblins
  4 kobolds (D:2)
  5 frilled lizards
  6 rats
46 creatures vanquished.

Notes
Turn   | Place    | Note
-------+----------+-------------------------------------------
     0 | D:1      | Lianjan the Octopode Wanderer began the quest for the Orb.
     0 | D:1      | Lianjan set off with: 4 curare-tipped needles, a +2 blowgun, a +0 shortbow, 29 arrows, a ration
     0 | D:1      | Reached XP level 1. HP: 11/11 MP: 2/2
    58 | D:1      | Reached XP level 2. HP: 14/17 MP: 3/3
    79 | D:1      | Reached skill level 1 in Dodging
   872 | D:1      | Reached skill level 2 in Dodging
   925 | D:1      | Reached XP level 3. HP: 15/21 MP: 4/4
  1266 | D:2      | Reached skill level 3 in Dodging
  1529 | D:2      | Found a blossoming altar of Fedhas.
  1536 | D:2      | Reached XP level 4. HP: 23/27 MP: 5/5
  2178 | D:2      | Learned a level 1 spell: Magic Dart
  2181 | D:2      | Learned a level 2 spell: Blink
  2184 | D:2      | Learned a level 2 spell: Call Imp
  2364 | D:2      | Found a runed door.
  2468 | D:2      | Reached XP level 5. HP: 31/31 MP: 7/7
  2575 | D:2      | Noticed Crazy Yiuf
  2583 | D:2      | Killed Crazy Yiuf
  2583 | D:2      | Reached skill level 4 in Dodging
  2583 | D:2      | Reached skill level 1 in Conjurations
  2688 | D:2      | Slain by an orc wizard

Vault maps used:
D:1:      denvon_arrival_planthouse, hex_medium
D:2:      fedhas_altar_1, uniq_crazy_yiuf_cottage
D:3:      grunt_temple_overflow_holy_war, eat_drink_and_be_merry_uskayaw,
          old_standard_altar, okawaru_ov_weapons_minmay, minmay_rat_hole,
          uniq_ijyb, uniq_grinder

Skill      XL: |  1  2  3  4  5 |
---------------+----------------+-----
Dodging        | 2 3 4 |  4.1
Conjurations   | 1 |  1.2
Bows           | |  3.2
Throwing       | |  1.0
Spellcasting   | |  1.7
Necromancy     | |  1.0
Transmutations | |  3.0
Evocations     | |  1.1

Action                   |  1- 3 |  4- 6 || total
-------------------------+-------+-------++-------
Melee: Unarmed           |    13 |       ||    13
       Constrict         |    15 |    13 ||    28
       Club              |    19 |       ||    19
       Whip              |    34 |    60 ||    94
       Tentacles         |     8 |    14 ||    22
 Fire: Shortbow          |     6 |       ||     6
       Blowgun           |     1 |       ||     1
 Cast: Call Imp          |       |     1 ||     1
 Stab: Sleeping          |     5 |     2 ||     7
  Eat: Chunk             |     2 |     4 ||     6
Armor: Skin              |    10 |     2 ||    12
Dodge: Dodged            |    63 |    49 ||   112

Table legend:
 A = Spawn XP
 B = Non-spawn XP
 C = Spawn XP percentage of total XP
 D = Spawn monster count
 E = Non-spawn monster count
 F = Spawn count percentage of total count
 G = Total turns spent on level
                    A         B        C        D         E        F      G
               +---------+---------+-------+---------+---------+-------+---------
         Total |       0 |     222 |   0.0 |       0 |      46 |   0.0 |  2688
               +---------+---------+-------+---------+---------+-------+---------
           D:1 |       0 |      41 |   0.0 |       0 |      19 |   0.0 |  1337
           D:2 |       0 |     171 |   0.0 |       0 |      23 |   0.0 |  1333
           D:3 |       0 |      10 |   0.0 |       0 |       4 |   0.0 |    18
               +---------+---------+-------+---------+---------+-------+---------
